 Dungeon Crawl Stone Soup version 0.18.1-50-g88ac8fd (webtiles) character file.

263 Drunkenshrew the Caller (level 5, 0/42 HPs)
             Began as a Draconian Wizard on Oct 23, 2016.
             Was an Initiate of Ashenzari.
             Slain by a gnoll
             ... wielding a +0 spear
              (8 damage)
             ... on level 4 of the Dungeon.
             The game lasted 00:13:17 (2791 turns).

Drunkenshrew the Caller (Draconian Wizard)          Turns: 2791, Time: 00:13:19

Health: 0/42       AC:  8    Str:  9    XL:     5   Next: 97%
Magic:  0/9        EV: 12    Int: 20    God:    Ashenzari [......]
Gold:   165        SH:  0    Dex:  7    Spells: 1 memorised, 8 levels left

rFire  . . .     SeeInvis .     q - +3 short sword (speed) (curse)
rCold  . . .     Gourm    .     (armour unavailable)
rNeg   . . .     Faith    .     (no shield)
rPois  +         Spirit   .     a - +1 hat
rElec  .         Dismiss  .     e - +0 cloak
rCorr  .         Reflect  .     (no gloves)
SustAt .         Harm     .     (no boots)
MR     .....                    (no amulet)
Stlth  +.........               (no ring)
                                (no ring)

@: invisible, not resistant to hostile enchantments, very unstealthy
A: unfitting armour, clumsy 1, poison resistance, shaggy fur 1, cold-blooded, AC
+5
a: Curse Item, Renounce Religion


You were on level 4 of the Dungeon.
You worshipped Ashenzari.
Ashenzari was noncommittal.
You were hungry.

You visited 1 branch of the dungeon, and saw 4 of its levels.

You collected 165 gold pieces.

Inventory:

Hand Weapons
 g - a +1 hand axe
 l - a +1 trident of flaming
 q - a cursed +3 short sword of speed (weapon)
Missiles
 r - a throwing net (quivered)
Armour
 a - a +1 hat (worn)
 d - a +0 large shield
 e - a +0 cloak (worn)
Wands
 m - a wand of iceblast (4/15)
Scrolls
 h - a scroll of magic mapping
 n - 2 scrolls of identify
Potions
 i - a potion of haste
 k - 3 potions of curing
Books
 b - a book of Minor Magic

   Spells                             Type                      Level
   a - Magic Dart                     Conjuration                  1
   b - Blink                          Translocation                2
   c - Call Imp                       Summoning                    2
   d - Repel Missiles                 Charms/Air                   2
   e - Slow                           Hexes                        2
   f - Conjure Flame                  Conjuration/Fire             3
   g - Mephitic Cloud                 Conjuration/Poison/Air       3
Comestibles
 c - 3 bread rations
 f - a meat ration
 j - 4 fruits


   Skills:
 + Level 2.6 Fighting
 - Level 3.1 Short Blades
 - Level 2.0 Dodging
 - Level 1.7 Stealth
 - Level 3.0 Spellcasting
   Level 1.0 Conjurations
 - Level 4.0 Summonings
   Level 1.0 Translocations


You had 8 spell levels left.
You knew the following spells:

 Your Spells              Type           Power        Failure   Level  Hunger
b - Call Imp              Summ           ###.....     4%          2    ##.....


Dungeon Overview and Level Annotations

Branches:
Dungeon (4/15)
 Temple: D:4-7

Altars:
Ashenzari
Dithmenos
Elyvilon
Makhleb
Pakellas
Yredelemnul
Zin


Innate Abilities, Weirdness & Mutations

Your plain brown scales are hard (AC +5).
Your body does not fit into most forms of armour.
You are cold-blooded and may be slowed by cold attacks.
You are clumsy. (Dex -2)
Your system is resistant to poisons.
You are covered in fur (AC +1).


Message History

The worker ant misses you. The gnoll hits you with a whip.
* * * LOW HITPOINT WARNING * * *
The gnoll misses you.
Your crimson imp closely misses the gnoll.
Casting: Call Imp
Confirm with . or Enter, or press ? or * to list all spells.
A beastly little devil appears in a puff of flame.
Your white imp closely misses the worker ant.
The worker ant barely misses you. The gnoll hits you with a whip.
* * * LOW HITPOINT WARNING * * *
The gnoll closely misses you.
Your crimson imp hits the gnoll but does no damage.
Drink which item? (? for menu, Esc to quit)
You fade into invisibility!
You are feeling hungry.
The worker ant misses you.
Your white imp hits the worker ant but does no damage.
The gnoll barely misses your crimson imp.
The gnoll hits you from afar with a spear!
You die...

....>..#..........#.
...##.<...#........
#...#.#.#........##
#....#.###......#
#......#....#....#
##...†.#.####.....
#....g..# ..#.#
#.#...g5.### ....
......a@.†.# ..
.....5..#....#
.....5..#......#
..#.......#..... #
##..#.#.#.####
#....... . ..##.##.
.. ##. #.#


You could see a worker ant, 2 gnolls, 2 friendly crimson imps and a friendly
white imp.

Vanquished Creatures
  Crazy Yiuf (D:3)
  Natasha (thrice) (D:3)
  6 adders
  A dart slug (D:3)
  2 giant geckos
  3 ball pythons
  4 giant cockroaches
  4 goblins
  13 hobgoblins
  3 jackals (D:3)
  2 quokkas
  4 bats
  3 giant newts
  6 kobolds
  3 rats
58 creatures vanquished.

Vanquished Creatures (collateral kills)
  An orc wizard (D:3)
  3 gnolls
  An adder (D:2)
  A worm (D:1)
  A giant gecko (D:2)
  2 orcs (D:3)
  A hobgoblin (D:3)
  A giant newt (D:3)
  A rat (D:3)
12 creatures vanquished.

Grand Total: 70 creatures vanquished

Notes
Turn   | Place    | Note
--------------------------------------------------------------
     0 | D:1      | Drunkenshrew the Draconian Wizard began the quest for the Orb.
     0 | D:1      | Reached XP level 1. HP: 14/14 MP: 4/4
    98 | D:1      | Reached skill level 1 in Fighting
   425 | D:1      | Reached XP level 2. HP: 13/23 MP: 6/6
   514 | D:1      | Learned a level 2 spell: Call Imp
  1031 | D:1      | Reached XP level 3. HP: 23/29 MP: 7/7
  1133 | D:2      | Found a basalt altar of Yredelemnul.
  1140 | D:2      | Reached skill level 2 in Summonings
  1284 | D:2      | Found an oddly glowing altar of Pakellas.
  1333 | D:2      | Reached XP level 4. HP: 36/36 MP: 5/8
  1364 | D:2      | Reached skill level 3 in Summonings
  1967 | D:3      | Found a shattered altar of Ashenzari.
  1978 | D:3      | Became a worshipper of Ashenzari the Shackled
  2074 | D:3      | Gained mutation: You are covered in fur (AC +1). [potion of mutation]
  2074 | D:3      | Gained mutation: You are clumsy. (Dex -2) [potion of mutation]
  2074 | D:3      | Gained mutation: Your system is resistant to poisons. [potion of mutation]
  2122 | D:3      | Found a white marble altar of Elyvilon.
  2133 | D:3      | Found a glowing silver altar of Zin.
  2136 | D:3      | Found a shadowy altar of Dithmenos.
  2146 | D:3      | Found a burning altar of Makhleb.
  2191 | D:3      | Reached skill level 4 in Summonings
  2276 | D:3      | Noticed Natasha
  2288 | D:3      | Killed Natasha
  2288 | D:3      | Reached skill level 1 in Short Blades
  2288 | D:3      | Reached XP level 5. HP: 39/41 MP: 9/9
  2352 | D:3      | Noticed Crazy Yiuf
  2368 | D:3      | Killed Crazy Yiuf
  2391 | D:3      | Noticed Natasha
  2402 | D:3      | Killed Natasha
  2647 | D:3      | Noticed Natasha
  2655 | D:3      | Killed Natasha
  2791 | D:4      | Slain by a gnoll

Skill      XL: |  1  2  3  4  5 |
---------------+----------------+-----
Dodging        | 2 |  2.0
Fighting       | 1 2 |  2.6
Summonings     | 2 4 |  4.0
Short Blades   | 1 3 |  3.1
Stealth        | |  1.7
Spellcasting   | |  3.0
Conjurations   | |  1.0
Translocations | |  1.0

Action                   |  1- 3 |  4- 6 || total
-------------------------+-------+-------++-------
Melee: Club              |    29 |       ||    29
       Unarmed           |     3 |       ||     3
       Tailslap          |    12 |    10 ||    22
       Hand axe          |    83 |    85 ||   168
       Short sword       |       |    88 ||    88
Throw: Throwing net      |       |     1 ||     1
 Cast: Magic Dart        |     6 |       ||     6
       Call Imp          |     7 |    19 ||    26
Invok: Curse Item        |       |     1 ||     1
  Use: Scroll            |       |    15 ||    15
       Potion            |       |     3 ||     3
 Stab: Sleeping          |       |     3 ||     3
  Eat: Chunk             |     2 |     5 ||     7
Armor: Skin              |    37 |    65 ||   102
Dodge: Dodged            |    89 |   116 ||   205
